 Dungeon Crawl Stone Soup version 0.30-a0-613-gdd512c7efb (webtiles) character file.

Game seed: 6747457302508173058

149 acebull12 the Chopper (level 5, 0/47 HPs)
             Began as a Hill Orc Monk on Jan 9, 2023.
             Shot with an arrow by a centaur (8 damage)
             ... on level 4 of the Dungeon.
             The game lasted 00:05:46 (3432 turns).

acebull12 the Chopper (Hill Orc Monk)               Turns: 3432, Time: 00:05:47

Health: 0/47       AC:  7    Str: 22    XL:     5   Next: 31%
Magic:  5/5        EV: 11    Int: 10    God:
Gold:   256        SH:  0    Dex: 13    Spells: 4/4 levels left

rFire   . . .      SeeInvis .    v - +1 war axe (freeze)
rCold   . . .      Faith    .    (no shield)
rNeg    . . .      Spirit   .    k - +0 scale mail
rPois   .          Reflect  .    (no helmet)
rElec   .          Harm     .    (no cloak)
rCorr   .          Rampage  .    f - +0 pair of gloves
Will    .....                    (no boots) Stlth
                                 (no amulet)
HPRegen 0.27/turn                g - +6 ring of strength
MPRegen 0.09/turn                (no ring)

@: confused, ambrosia-drunk
A: no striking features
a: no special abilities


You were on level 4 of the Dungeon.
You visited 1 branch of the dungeon, and saw 4 of its levels.

You collected 256 gold pieces.

Inventory:

Hand Weapons
 v - a +1 war axe of freezing (weapon)
Missiles
 d - 46 stones (quivered)
Armour
 f - a +0 pair of gloves (worn)
 k - a +0 scale mail (worn)
Jewellery
 g - a +6 ring of strength (left hand)
Scrolls
 i - 2 scrolls of teleportation
Potions
 e - 4 potions of curing
 j - 3 potions of degeneration {unknown}
 l - 2 potions of brilliance {unknown}
 r - a potion of might {unknown}
 s - a potion of berserk rage {unknown}
 t - a potion of lignification {unknown}


   Skills:
 * Level 4.9 Fighting
 + Level 5.5 Axes
 * Level 1.8 Armour
 + Level 2.8 Dodging
 + Level 2.0 Stealth


You had 4 spell levels left.
You didn't know any spells.
Your spell library contained the following spells:

 Spells                   Type           Power      Damage    Failure   Level
 Apportation              Tloc           0%         N/A       71%         1
 Magic Dart               Conj           0%         1d3       71%         1
 Necrotise                Necr           0%         1d4       71%         1
 Summon Small Mammal      Summ           0%         N/A       71%         1
 Call Imp                 Summ           0%         N/A       83%         2
 Mephitic Cloud           Conj/Pois/Air  0%         N/A       97%         3


Dungeon Overview and Level Annotations

Branches:
Dungeon (4/15)
 Temple: D:4-7

Altars:

Shops:
D:1 ?

Annotations:
D:4 Darkkill's ghost, amateur MiHu


Message History

You now have 256 gold pieces (gained 7).
The quasit gives a chilling moan.
Darkkill's ghost turns its malevolent gaze towards you.
The quasit gives a chilling moan.
An adder comes into view.
The adder hisses angrily.
You hit the adder. You freeze the adder.
The adder is heavily wounded.
A centaur comes into view.
The adder bites you.
You miss the adder.
The adder is heavily wounded.
The centaur shouts!
The centaur wields a +0 shortbow.
The centaur shoots an arrow.
The arrow hits you! The adder misses you.
The adder bites you but does no damage.
The centaur shoots an arrow.
The arrow hits you.
The centaur shoots an arrow.
The arrow hits you.
You slash the adder! You freeze the adder.
You kill the adder!
The centaur shoots an arrow.
The arrow hits you!
The centaur shoots an arrow.
The arrow hits you!
* * * LOW HITPOINT WARNING * * *
The centaur shoots an arrow.
The arrow hits you!
* * * LOW HITPOINT WARNING * * *
The centaur shoots an arrow.
The arrow closely misses you.
You hear a bark!
The centaur shoots an arrow.
The arrow completely misses you.
The centaur shoots an arrow.
The arrow misses you.
You hear a bark!
The centaur shoots an arrow.
The arrow hits you.
* * * LOW HITPOINT WARNING * * *
You are confused.
You feel invigorated.
The centaur shoots an arrow.
The arrow hits you!
* * * LOW HITPOINT WARNING * * *
The centaur shoots an arrow.
The arrow barely misses you.
The centaur shoots an arrow.
The arrow hits you.
* * * LOW HITPOINT WARNING * * *
The centaur shoots an arrow.
The arrow hits you!
You die...

# .....##.# .## ###5##..#
#..# ....####©###...##
##... .........c......##
#...##..##.##..##......#
##......##....c#.#.....##
............#..#...##.##
.......##..###.....####
........##..#...@.##
...)..............##
.....###...........##
...).# ##.....(....#
....######..........#
...<................#
....................#
......##.##.........#
.......####....######


You could see a centaur.

Vanquished Creatures
  Terence (D:2)
  A gnoll (D:3)
  4 adders
  3 dart slugs
  An orc (D:3)
  8 endoplasms
  4 giant cockroaches
  4 goblins
  5 hobgoblins
  9 jackals
  3 quokkas
  4 ball pythons (D:2)
  8 bats
  5 kobolds
  6 rats
66 creatures vanquished.

Notes
Turn   | Place    | Note
-------+----------+-------------------------------------------
     0 | D:1      | acebull12 the Hill Orc Monk began the quest for the Orb.
     0 | D:1      | Reached XP level 1. HP: 19/19 MP: 1/1
    50 | D:1      | Found Pipokan's Magic Scroll Emporium.
   113 | D:1      | Reached XP level 2. HP: 18/27 MP: 2/2
   472 | D:1      | Reached XP level 3. HP: 27/33 MP: 3/3
   956 | D:2      | Noticed Terence
   968 | D:2      | HP: 1/33 [Terence/+0 morningstar (6)]
   969 | D:2      | Killed Terence
   970 | D:2      | Reached skill level 5 in Axes
   970 | D:2      | Reached XP level 4. HP: 2/41 MP: 4/4
  1267 | D:2      | Reached skill level 1 in Armour
  1509 | D:2      | Identified the +6 spear "Killer Klown's Foe" {drain, Fly
                  | SInv}
  2310 | D:3      | Reached XP level 5. HP: 34/47 MP: 5/5
  3399 | D:4      | Noticed Darkkill's ghost (amateur MiHu)
  3409 | D:4      | Noticed a centaur
  3429 | D:4      | HP: 1/47 [centaur/arrow (9)]
  3432 | D:4      | Shot with an arrow by a centaur

Illustrated notes

Levels and vault maps discovered:
D:1:      psy_arrival_basics, layout_basic, serial_shops, shop
D:2:      layout_rooms, uniq_terence
D:3:      layout_basic, kennysheep_generic_room_6
D:4:      layout_cave_pools, lemuel_crystal_altar, gammafunk_ghost_stat_death

Skill      XL: |  1  2  3  4  5 |
---------------+----------------+-----
Fighting       | 4 |  4.9
Axes           | 5 |  5.5
Armour         | 1 |  1.8
Stealth        | 2 |  2.0
Dodging        | |  2.8

Action                   |  1- 3 |  4- 6 || total
-------------------------+-------+-------++-------
Melee: Hand axe          |    86 |   126 ||   212
       Punch             |     2 |       ||     2
       War axe           |       |     3 ||     3
  Use: Scroll            |       |     9 ||     9
       Potion            |       |     1 ||     1
 Stab: Sleeping          |     4 |       ||     4
Armor: Robe              |    26 |       ||    26
       Scale mail        |       |    58 ||    58
Dodge: Dodged            |    56 |    61 ||   117

Table legend: (Time is in decaauts)
 A = Elapsed time spent in this place.
 B = Non-inter-level travel time spent in this place.
 C = Inter-level travel time spent in this place.
 D = Time resting spent in this place.
 E = Time spent auto-exploring this place.
 F = Levels seen in this place.
 G = Mean time per level.
                   A        B        C        D        E       F      G
               +--------+--------+--------+--------+--------+-----+--------+
         Total |   3448 |   2902 |    546 |    185 |   2113 |   4 |  862.0 |
       Dungeon |   3448 |   2902 |    546 |    185 |   2113 |   4 |  862.0 |
               +--------+--------+--------+--------+--------+-----+--------+

Top non-repeatable levels by time:
     D:3: 1560 daAuts
     D:1: 946 daAuts
     D:2: 838 daAuts
     D:4: 102 daAuts
